 Dungeon Crawl Stone Soup version 0.29-a0-187-ga23d9638d5 (webtiles) character file.

Game seed: 16293707783643003270

52 Hasart the Sneak (level 3, -2/19 HPs)
             Began as a Vampire Enchanter on Feb 21, 2022.
             Slain by an adder (4 damage)
             ... on level 2 of the Dungeon.
             The game lasted 00:02:51 (2000 turns).

Hasart the Sneak (Vampire Enchanter)                Turns: 2000, Time: 00:02:52

Health: -2/19      AC:  3    Str:  7    XL:     3   Next: 60%
Magic:  0/6        EV: 12    Int: 19    God:
Gold:   85         SH:  0    Dex: 14    Spells: 1/6 levels left

rFire   . . .      SeeInvis +   a - +1 dagger
rCold   + + .      Faith    .   (no shield)
rNeg    + + +      Spirit   .   b - +0 robe
rPois   ∞          Reflect  .   (no helmet)
rElec   .          Harm     .   f - +0 cloak
rCorr   .          Rampage  .   (no gloves)
Will    .....                   (no boots)
Stlth   +++++.....              (no amulet)
HPRegen 0.00/turn               (no ring)
MPRegen 0.10/turn               (no ring)

@: bloodless, inhibited regen
A: bloodless, fangs 3, see invisible, vampiric 2
a: Bat Form, Revivify


You were on level 2 of the Dungeon.
You visited 1 branch of the dungeon, and saw 2 of its levels.

You collected 85 gold pieces.

Inventory:

Hand Weapons
 a - a +1 dagger (weapon)
Armour
 b - a +0 robe (worn)
 f - a +0 cloak (worn)
Scrolls
 d - a scroll of amnesia {unknown}
 e - a scroll of enchant armour {unknown}
 h - a scroll of identify {unknown}
 i - a scroll of fear {unknown}
 k - 2 scrolls of vulnerability {unknown}
Potions
 c - a potion of invisibility
 g - a potion of ambrosia {unknown}
 j - a potion of berserk rage {unknown}


   Skills:
 + Level 2.1 Short Blades
 + Level 2.6 Dodging
 + Level 5.0 Stealth
 + Level 2.3 Spellcasting
 + Level 4.9 Hexes
 + Level 0.6 Ice Magic


You had one spell level left.
You knew the following spells:

 Your Spells              Type           Power      Damage    Failure   Level
a - Ensorcelled Hibernat  Hex/Ice        24%        N/A       8%          2
b - Confusing Touch       Hex            21%        N/A       6%          3

Your spell library contained the following spells:

 Spells                   Type           Power      Damage    Failure   Level
 Tukima's Dance           Hex            21%        N/A       6%          3
 Dazzling Flash           Conj/Hex       22%        N/A       19%         3


Dungeon Overview and Level Annotations

Branches:
Dungeon (2/15)

Altars:


Innate Abilities, Weirdness & Mutations

You do not regenerate when monsters are visible.
You are frail without blood (-20% HP).
You can heal yourself when you bite living creatures.
You are immune to poison.
You have razor-sharp teeth.
You have supernaturally acute eyesight. (SInv)
You are afflicted with vampirism and can become a bat while bloodless.


Message History

You closely miss the adder.
The adder is severely wounded.
The adder closely misses you.
You hit the adder but do no damage.
The adder is severely wounded.
The adder completely misses you.
You hit the adder.
The adder is almost dead.
The adder barely misses you. The adder bites you. The adder barely misses you.
You see here a +0 dagger.
The adder bites you.
* * * LOW HITPOINT WARNING * * *
Casting: Ensorcelled Hibernation (safe; 8% risk of failure)
Confirm with . or Enter, or press ? or * to list all spells.
Aiming: Ensorcelled Hibernation (safe; 8% risk of failure)
Press: ? - help, Shift-Dir - straight line, f/p - adder
Aim: an adder (severely wounded, chance to affect: 54%)
The adder resists with significant effort.
The adder completely misses you.
Unknown command.
You hit the adder but do no damage.
The adder is severely wounded.
The adder barely misses you.
You hit the adder.
The adder is almost dead.
The adder closely misses you.
You closely miss the adder.
The adder is almost dead.
The adder closely misses you. The adder bites you.
* * * LOW HITPOINT WARNING * * *
You barely miss the adder.
The adder is almost dead.
The adder bites you.
* * * LOW HITPOINT WARNING * * *
You barely miss the adder.
The adder is almost dead.
The adder bites you.
You die...

#### ... ### ###.####
##.#####......#
##.....)....#
.####....S###.#......#
..........@...#.##.###
#######.#.#####.# #
#.#.# .# #.
#.#.#####.# #.
##'#.......# #.#
##...## ## ##.###
##.....## .....#
##.......# #
#..####...^.....#


You could see an adder.

Vanquished Creatures
  An adder (D:2)
  A worm (D:2)
  A dart slug (D:1)
  3 ball pythons
  2 endoplasms
  2 giant cockroaches
  3 goblins (D:1)
  4 hobgoblins
  4 kobolds
  4 quokkas
  5 bats
  A frilled lizard (D:1)
  3 rats
34 creatures vanquished.

Notes
Turn   | Place    | Note
-------+----------+-------------------------------------------
     0 | D:1      | Hasart the Vampire Enchanter began the quest for the Orb.
     0 | D:1      | Reached XP level 1. HP: 13/13 MP: 3/3
   474 | D:1      | Reached XP level 2. HP: 15/15 MP: 5/5
   477 | D:1      | Learned a level 2 spell: Ensorcelled Hibernation
   615 | D:1      | Found a faded altar of an unknown god.
  1651 | D:2      | Gained mutation: You are afflicted with vampirism and can
                  | become a bat while bloodless. [Vampire growth]
  1651 | D:2      | Reached XP level 3. HP: 19/19 MP: 6/6
  1655 | D:2      | Learned a level 3 spell: Confusing Touch
  1835 | D:2      | Reached skill level 5 in Stealth
  2000 | D:2      | Slain by an adder

Illustrated notes

Levels and vault maps discovered:
D:1:      tarquinn_simple_flora_water_f, layout_loops_corners,
          hellmonk_ecumenical_altar_zigzags, minmay_misc_feat_four_crosses
D:2:      layout_loops_corners

Skill      XL: |  1  2  3 |
---------------+----------+-----
Short Blades   | 2 |  2.1
Stealth        | 5 |  5.0
Dodging        | |  2.6
Spellcasting   | |  2.3
Hexes          | |  4.9
Ice Magic      | |  0.6

Action                   || total
-------------------------++-------
Melee: Dagger            ||   111
       Bite              ||     6
 Cast: Ensorcelled Hiber ||     9
 Abil: Exsanguinate      ||     1
 Stab: Sleeping          ||    14
Armor: Robe              ||    18
Dodge: Dodged            ||    70

Table legend: (Time is in decaauts)
 A = Elapsed time spent in this place.
 B = Non-inter-level travel time spent in this place.
 C = Inter-level travel time spent in this place.
 D = Time resting spent in this place.
 E = Time spent auto-exploring this place.
 F = Levels seen in this place.
 G = Mean time per level.
                   A        B        C        D        E       F      G
               +--------+--------+--------+--------+--------+-----+--------+
         Total |   1990 |   1914 |     76 |      0 |   1586 |   2 |  995.0 |
       Dungeon |   1990 |   1914 |     76 |      0 |   1586 |   2 |  995.0 |
               +--------+--------+--------+--------+--------+-----+--------+

Top non-repeatable levels by time:
     D:1: 1591 daAuts
     D:2: 399 daAuts
